 Dungeon Crawl Stone Soup version 0.28-a0-662-g1651b1f1e0 (webtiles) character file.

Game seed: 8652661164641487080

31 lawman0 the Insei (level 3, -9/27 HPs)
             Began as a Djinni Transmuter on Oct 15, 2021.
             Shot with an arrow by a centaur (14 damage)
             ... on level 3 of the Dungeon.
             The game lasted 00:02:40 (2904 turns).

lawman0 the Insei (Djinni Transmuter)               Turns: 2904, Time: 00:02:41

Health: -9/27      AC:  4    Str:  9    XL:     3   Next: 40%
Gold:   846        EV: 12    Int: 21    God:
                   SH:  0    Dex: 13

rFire   + + .      SeeInvis .     - Unarmed
rCold   x . .      Faith    .   (no shield)
rNeg    . . .      Spirit   .   h - +0 leather armour
rPois   ∞          Reflect  .   (no helmet)
rElec   .          Harm     .   (no cloak)
rCorr   .          Rampage  .   a - +0 pair of gloves
Will    .....                   (boots unavailable)
Stlth   +.........              (no amulet)
HPRegen 0.09/turn               d - +6 ring of intelligence
MPRegen 0.00/turn               (no ring)

@: mighty, flying
A: sickness immunity, fire resistance 2, cold vulnerability 1, float, innate
caster, hp casting, extra vitality 1
a: no special abilities


You were on level 3 of the Dungeon.
You visited 1 branch of the dungeon, and saw 3 of its levels.

You collected 846 gold pieces.

Inventory:

Hand Weapons
 c - a +0 hunting sling
Missiles
 g - 31 sling bullets
Armour
 a - a +0 pair of gloves (worn)
 h - a +0 leather armour (worn)
Jewellery
 d - a +6 ring of intelligence (left hand)
Scrolls
 b - 3 scrolls of enchant weapon {unknown}
 f - 2 scrolls of enchant armour


   Skills:
 + Level 1.1 Fighting
 + Level 0.4 Armour
 + Level 2.4 Dodging
 + Level 0.1 Stealth
 * Level 3.7 Unarmed Combat
 * Level 1.8 Spellcasting


You couldn't memorise any spells.
You knew the following spells:

 Your Spells              Type           Power      Damage    Failure   Level
a - Beastly Appendage     Tmut           18%        N/A       10%         1
b - Wereblood             Tmut           9%         N/A       14%         2
c - Spider Form           Tmut/Pois      4%         N/A       28%         3
d - Ice Form              Ice/Tmut       9%         N/A       67%         4
e - Animate Skeleton      Necr           18%        N/A       10%         1
Your spell library was empty.

Dungeon Overview and Level Annotations

Branches:
Dungeon (3/15)

Altars:

Annotations:
D:3 3 runed translucent doors, DarkMailMan's ghost, amateur DEFE


Innate Abilities, Weirdness & Mutations

You are immune to sickness and miasma.
You are immune to poison.
Your flesh is very heat resistant. (rF++)
You are vulnerable to cold. (rC-)
You float through the air rather than walking.
You learn spells naturally, not from books.
Your magical power is your life essence.
You have superior vitality. (+4 HP)


Message History

The water moccasin bites you. The water moccasin closely misses you.
You closely miss the water moccasin.
The water moccasin is lightly wounded.
Your horns disappear.
The water moccasin closely misses you.
You closely miss the water moccasin.
The water moccasin is lightly wounded.
The water moccasin bites you but does no damage.
The water moccasin bites you.
* * * LOW HITPOINT WARNING * * *
You miss the water moccasin.
The jackal barks!
You hear a shout!
The water moccasin misses you.
A jackal comes into view.
You closely miss the water moccasin.
The jackal barks!
The water moccasin closely misses you.
A centaur comes into view.
You completely miss the water moccasin. The water moccasin misses you. x2
You completely miss the water moccasin. The jackal barely misses you.
The water moccasin closely misses you. DarkMailMan's ghost stares at you.
You closely miss the water moccasin. You punch the water moccasin!
The water moccasin is heavily wounded.
The jackal closely misses you. The water moccasin closely misses you.
You hit the water moccasin.
The water moccasin is severely wounded.
The water moccasin bites you but does no damage.
The jackal bites you but does no damage.
The water moccasin bites you.
* * * LOW HITPOINT WARNING * * *
You feel better.
The centaur wields a +0 shortbow.
The centaur shoots an arrow.
The arrow closely misses you. The jackal bites you.
The water moccasin bites you.
* * * LOW HITPOINT WARNING * * *
You punch the water moccasin!
You kill the water moccasin!
The jackal barely misses you.
The centaur shoots an arrow.
The arrow hits you!
Ouch! That really hurt!
You die...

#.............
#..#########..
#..#.......#..
###########..#...#...#..
.............+..#.#$$#..
.............+.....$.#..
........†....+J.#.#..#..
........h....#l.(#.. #.
.......@†....#W.....
<......h.....######
.........c.........
................
.....).......<...
...............!.
................
...............


You could see a centaur, DarkMailMan's ghost, an endoplasm, 2 jackals and a
frilled lizard.

Vanquished Creatures
  A water moccasin (D:3)
  An adder (D:2)
  2 dart slugs
  An endoplasm (D:1)
  2 goblins
  A kobold (D:2)
  A quokka (D:2)
  2 ball pythons (D:1)
  4 bats
  3 frilled lizards
  4 rats (D:1)
22 creatures vanquished.

Notes
Turn   | Place    | Note
-------+----------+-------------------------------------------
     0 | D:1      | lawman0 the Djinni Transmuter began the quest for the Orb.
     0 | D:1      | Reached XP level 1. HP: 17/17 MP: 0/0
   926 | D:1      | Reached XP level 2. HP: 22/22 MP: 0/0
  1330 | D:2      | Found a faded altar of an unknown god.
  1404 | D:2      | HP: 1/22 [goblin (2)]
  1415 | D:2      | HP: 1/22 [goblin (3)]
  1933 | D:2      | Identified a scroll of acquirement
  2016 | D:2      | Acquired 761 gold pieces
  2115 | D:2      | Reached XP level 3. HP: 7/27 MP: 0/0
  2115 | D:2      | Learned a level 1 spell: Animate Skeleton
  2870 | D:3      | Found a runed translucent gate.
  2870 | D:3      | Found a runed translucent gate.
  2870 | D:3      | Noticed DarkMailMan's ghost (amateur DEFE)
  2872 | D:3      | Found a runed translucent gate.
  2885 | D:3      | Noticed a water moccasin
  2898 | D:3      | Noticed a centaur
  2904 | D:3      | Killed a water moccasin
  2904 | D:3      | Shot with an arrow by a centaur

Illustrated notes

Levels and vault maps discovered:
D:1:      minmay_arrival_stone_box, layout_loops_ring
D:2:      layout_basic, basic_ecumenical_altar
D:3:      layout_basic, gammafunk_ghost_split, uniq_jessica

Action                   || total
-------------------------++-------
Melee: Unarmed           ||    89
       Headbutt          ||     4
       Punch             ||     2
 Cast: Beastly Appendage ||    13
       Wereblood         ||     1
  Use: Scroll            ||     4
       Potion            ||     4
Armor: Robe              ||     7
       Ring mail         ||    19
       Leather armour    ||    20
Dodge: Dodged            ||    65

Table legend: (Time is in decaauts)
 A = Elapsed time spent in this place.
 B = Non-inter-level travel time spent in this place.
 C = Inter-level travel time spent in this place.
 D = Time resting spent in this place.
 E = Time spent auto-exploring this place.
 F = Levels seen in this place.
 G = Mean time per level.
                   A        B        C        D        E       F      G
               +--------+--------+--------+--------+--------+-----+--------+
         Total |   2897 |   2861 |     36 |   1015 |   1493 |   3 |  965.7 |
       Dungeon |   2897 |   2861 |     36 |   1015 |   1493 |   3 |  965.7 |
               +--------+--------+--------+--------+--------+-----+--------+

Top non-repeatable levels by time:
     D:2: 1430 daAuts
     D:1: 1108 daAuts
     D:3: 358 daAuts
